 Dungeon Crawl Stone Soup version 0.28-a0-1339-ga5422284a4 (webtiles) character file.

Game seed: 3057539655856208014

22 Crownlay the Chiller (level 2, -2/20 HPs)
             Began as a Gnoll Ice Elementalist on Dec 28, 2021.
             Slain by a gnoll (15 damage)
             ... on level 2 of the Dungeon.
             The game lasted 00:02:11 (1308 turns).

Crownlay the Chiller (Gnoll Ice Elementalist)       Turns: 1308, Time: 00:02:12

Health: -2/20      AC:  2    Str:  7    XL:     2   Next: 91%
Magic:  3/7        EV: 13    Int: 14    God:
Gold:   9          SH:  0    Dex: 12    Spells: 9/10 levels left

rFire   . . .      SeeInvis .   g - +0 dagger
rCold   . . .      Faith    .   (no shield)
rNeg    . . .      Spirit   .   a - +0 robe
rPois   .          Reflect  .   (no helmet)
rElec   .          Harm     .   (no cloak)
rCorr   .          Rampage  .   (no gloves)
Will    .....                   (no boots)
Stlth   ++........              (no amulet)
HPRegen 0.06/turn               (no ring)
MPRegen 0.10/turn               (no ring)

@: no status effects
A: fangs 1, strong nose, distributed training
a: no special abilities


You were on level 2 of the Dungeon.
You visited 1 branch of the dungeon, and saw 2 of its levels.

You collected 9 gold pieces.

Inventory:

Hand Weapons
 g - a +0 dagger (weapon)
Armour
 a - a +0 robe (worn)
Scrolls
 d - a scroll of blinking {unknown}
 f - a scroll of enchant weapon {unknown}
 h - a scroll of brand weapon {unknown}
Potions
 b - a potion of cancellation {unknown}
 c - a potion of heal wounds {unknown}
 e - 2 potions of magic {unknown}


   Skills:
 + Level 0.5 Fighting
 + Level 0.5 Short Blades
 + Level 0.5 Long Blades
 + Level 0.5 Axes
 + Level 0.5 Maces & Flails
 + Level 0.5 Polearms
 + Level 0.5 Staves
 + Level 0.5 Slings
 + Level 0.5 Bows
 + Level 0.5 Crossbows
 + Level 0.5 Throwing
 + Level 0.5 Armour
 + Level 4.5 Dodging
 + Level 4.1 Stealth
 + Level 0.5 Shields
 + Level 0.5 Unarmed Combat
 + Level 4.9 Spellcasting
 + Level 0.4 Conjurations
 + Level 0.4 Hexes
 + Level 0.4 Summonings
 + Level 0.4 Necromancy
 + Level 0.4 Translocations
 + Level 0.4 Transmutations
 + Level 0.4 Fire Magic
 + Level 7.0 Ice Magic
 + Level 0.4 Air Magic
 + Level 0.4 Earth Magic
 + Level 0.4 Poison Magic
 + Level 0.7 Invocations
 + Level 0.5 Evocations


You had 9 spell levels left.
You knew the following spells:

 Your Spells              Type           Power      Damage    Failure   Level
a - Freeze                Ice            92%        1d10      1%          1

Your spell library contained the following spells:

 Spells                   Type           Power      Damage    Failure   Level
 Frozen Ramparts          Ice            46%        1d6       2%          3
 Ozocubu's Armour         Ice            23%        N/A       2%          3
 Hailstorm                Conj/Ice       13%        3d5       36%         4
 Chain Lightning          Conj/Air       2%         3d2       100%        9
 Fire Storm               Conj/Fire      2%         8d1       100%        9
 Shatter                  Erth           2%         3d6*      100%        9


Dungeon Overview and Level Annotations

Branches:
Dungeon (2/15)

Altars:


Innate Abilities, Weirdness & Mutations

You have very sharp teeth.
Your uncanny sense of smell can sniff out nearby items.
Your experience applies equally to all skills.


Message History

There is a stone staircase leading up here.
A frilled lizard is nearby!
You freeze the frilled lizard!
You kill the frilled lizard!
Magic restored.
You see here a frilled lizard corpse.
A rat comes into view.
The rat barely misses you.
You barely miss the rat. You hit the rat.
The rat is moderately wounded.
The rat bites you.
You freeze the rat.
You kill the rat!
HP restored.
You see here a rat corpse.
You pick up a book of Annihilations and begin reading...
You add the spells Chain Lightning, Fire Storm and Shatter to your library.
Okay, then.
Okay, then. 2 gnolls come into view.
Okay, then.
The gnoll shouts!
You hear a shout!
The gnoll hits you from afar with a +0 halberd.
A gnoll comes into view. It is wielding a +0 whip.
The gnoll shouts!
You freeze the gnoll.
The gnoll is heavily wounded.
The gnoll barely misses you. The gnoll hits you with a +0 spear.
You freeze the gnoll!
The gnoll is almost dead.
The gnoll closely misses you.
You freeze the gnoll.
The gnoll is moderately wounded.
The gnoll barely misses you.
You freeze the gnoll!
The gnoll is almost dead.
The gnoll hits you from afar with a +0 halberd!
Ouch! That really hurt!
You die...

#+# .. #.# .#
#.# .# #.# #.#
#.# # #.#####.#
#
#g###.......####
#
#gg@.###.......#
#
####.#<#.#####.#
# #.#.#.# #.# #
#.#.#.# #.# #
#.#.†.# #.# #
#.##### #.#####
#.....# #.....#
#####.# #####.#
#.# #.#


You could see 3 gnolls.

Vanquished Creatures
  A dart slug (D:1)
  2 endoplasms (D:1)
  2 giant cockroaches (D:1)
  3 goblins (D:1)
  2 hobgoblins (D:1)
  2 quokkas (D:1)
  A bat (D:1)
  A frilled lizard (D:2)
  A kobold (D:1)
  3 rats
18 creatures vanquished.

Notes
Turn   | Place    | Note
-------+----------+-------------------------------------------
     0 | D:1      | Crownlay the Gnoll Ice Elementalist began the quest for the
                  | Orb.
     0 | D:1      | Reached XP level 1. HP: 13/13 MP: 6/6
   196 | D:1      | Reached XP level 2. HP: 9/19 MP: 1/7
   596 | D:1      | Found a faded altar of an unknown god.
  1308 | D:2      | Slain by a gnoll

Illustrated notes

Levels and vault maps discovered:
D:1:      lemuel_arrival_room, layout_basic,
          hellmonk_ecumenical_altar_crossroads, lemuel_old_faithful
D:2:      layout_basic

Action                   || total
-------------------------++-------
Melee: Unarmed           ||     4
       Dagger            ||     4
 Cast: Freeze            ||    26
 Stab: Sleeping          ||     2
Armor: Robe              ||     1
Dodge: Dodged            ||    14

Table legend: (Time is in decaauts)
 A = Elapsed time spent in this place.
 B = Non-inter-level travel time spent in this place.
 C = Inter-level travel time spent in this place.
 D = Time resting spent in this place.
 E = Time spent auto-exploring this place.
 F = Levels seen in this place.
 G = Mean time per level.
                   A        B        C        D        E       F      G
               +--------+--------+--------+--------+--------+-----+--------+
         Total |   1307 |   1276 |     31 |      0 |   1165 |   2 |  653.5 |
       Dungeon |   1307 |   1276 |     31 |      0 |   1165 |   2 |  653.5 |
               +--------+--------+--------+--------+--------+-----+--------+

Top non-repeatable levels by time:
     D:1: 1175 daAuts
     D:2: 131 daAuts
